 Dungeon Crawl Stone Soup version 0.28-a0-563-gf77a47075d (webtiles) character file.

Game seed: 12227668154465911067

1314 iamoutofideas the Cleaver (level 8, 0/109 HPs)
             Began as a Hill Orc Monk on Oct 1, 2021.
             Slain by a gnoll (1 damage)
             ... on level 6 of the Dungeon.
             The game lasted 00:08:35 (7512 turns).

iamoutofideas the Cleaver (Hill Orc Monk)           Turns: 7512, Time: 00:08:35

Health: 0/109      AC: 24    Str: 15 (16) XL:     8   Next: 58%
Magic:  8/8        EV:  2    Int:  8 (10) God:
Gold:   57         SH:  0    Dex: 16 (19) Spells: 7/7 levels left

rFire   . . .      SeeInvis .   a - +1 hand axe
rCold   . . .      Faith    .   (no shield)
rNeg    + + +      Spirit   .   (armour currently unavailable)
rPois   +          Reflect  .   (helmet currently unavailable)
rElec   .          Harm     .   (cloak currently unavailable)
rCorr   .          Rampage  .   (gloves currently unavailable)
Will    .....      NoTele   +   (boots currently unavailable)
Stlth   ++........              (no amulet)
HPRegen 0.28/turn               c - +6 ring of dexterity
MPRegen 0.11/turn               (no ring)

@: mighty, lethally poisoned (0 -> -5), tree-form
A: stationary, stasis, torment immunity, boosted hp
a: no special abilities


You were on level 6 of the Dungeon.
You were a tree.
You visited 1 branch of the dungeon, and saw 6 of its levels.

You collected 265 gold pieces.
You spent 208 gold pieces at shops.

Inventory:

Hand Weapons
 a - a +1 hand axe (weapon)
Armour
 b - a +0 ring mail
 d - a +0 helmet (melded)
 h - a +0 pair of boots (melded)
 i - a +0 leather armour
 k - a +0 cloak (melded)
 z - a +0 chain mail (melded)
Jewellery
 c - a +6 ring of dexterity (left branch)
Wands
 x - a wand of iceblast (9)
 y - a wand of paralysis (12)
Scrolls
 g - 2 scrolls of identify
 q - 3 scrolls of magic mapping
 v - a scroll of enchant weapon
Potions
 e - a potion of haste {unknown}
 j - a potion of degeneration
 p - a potion of might
 t - a potion of resistance
 u - a potion of brilliance {unknown}


   Skills:
 + Level 7.4 Fighting
 * Level 10.6 Axes
 + Level 4.2 Armour
 - Level 2.4 Dodging
 - Level 1.5 Stealth


You had 7 spell levels left.
You didn't know any spells.
Your spell library contained the following spells:

 Spells                   Type           Power      Damage    Failure   Level
 Shock                    Conj/Air       0%         1d3       41%         1
 Blink                    Tloc           N/A        N/A       54%         2
 Corpse Rot               Necr/Air       N/A        N/A       54%         2
 Poisonous Vapours        Pois/Air       0%         N/A       54%         2
 Lesser Beckoning         Tloc           0%         N/A       78%         3
 Ozocubu's Armour         Ice            0%         N/A       78%         3
 Swiftness                Air            0%         N/A       78%         3
 Airstrike                Air            0%         N/A       99%         4
 Manifold Assault         Tloc           0%         N/A       100%        5
 Ozocubu's Refrigeration  Ice            0%         4d5       100%        7


Dungeon Overview and Level Annotations

Branches:
Dungeon (6/15)
 Temple: D:4-7

Altars:
Trog
Zin
The Shining One

Shops:
D:4 !


Message History

The gnoll hits you from afar with a +0 spear.
* * * LOW HITPOINT WARNING * * *
The gnoll sergeant barely misses you.
Unknown command.
Really quaff the potion of lignification?
Okay, then.
Really quaff the potion of lignification?
You turn into a tree.
Your +0 cloak melds into your body.
Your +0 helmet melds into your body.
Your +0 pair of boots melds into your body.
Your +0 chain mail melds into your body.
Your roots penetrate the ground.
The gnoll hits you from afar with a +0 spear.
* * * LOW HITPOINT WARNING * * *
The gnoll sergeant hits you with a +3 trident of venom!
* * * LOW HITPOINT WARNING * * *
You slash the gnoll sergeant!
The gnoll sergeant is heavily wounded.
The gnoll hits you but does no damage.
You slash the gnoll sergeant!
The gnoll sergeant is almost dead.
The gnoll sergeant hits you but does no damage.
You are poisoned.
The gnoll hits you but does no damage.
You barely miss the gnoll sergeant.
The gnoll sergeant is almost dead.
You feel sick.
The gnoll sergeant hits you with a +3 trident of venom!
* * * LOW HITPOINT WARNING * * *
You hit the gnoll sergeant.
You kill the gnoll sergeant!
* * * LOW HITPOINT WARNING * * *
You feel sick. The gnoll hits you but does no damage.
You cannot move.
There is a lethal amount of poison in your body!
It was a potion of magic.
Magic courses through your body.
* * * LOW HITPOINT WARNING * * *
You feel sick.
The gnoll hits you from afar with a +0 spear.
You die...

##.#####..##..#+##..#
........##[. #.....#
........##.>##.....#
$.........##.......#
........#.##.#.....#
s.....[.....g.)....# .....
###.....###g.### .....
#.g...###<)####.....
........>...#.)♣.#........
............#....#........
............#....#........
............#....#........
......?....?#....#<.......
............##...####.....
.####.##....##...# ...
#.... [


You could see a gnoll.

Vanquished Creatures
  A centaur zombie (D:5)
  A sky beast (D:5)
  An ogre (D:4)
  A bullfrog (D:6)
  A gnoll sergeant (D:6)
  A scorpion (D:5)
  2 bullfrog zombies (D:5)
  3 hounds (D:5)
  A centaur skeleton (D:4)
  A gnoll shaman (D:5)
  Jessica (D:3)
  Terence (D:2)
  Natasha (thrice) (D:2)
  An orc wizard (D:6)
  A hound skeleton (D:5)
  5 adders
  8 gnolls
  A white imp (D:4)
  A dart slug (D:3)
  7 orcs
  8 bats
  6 endoplasms
  7 giant cockroaches
  10 goblins
  8 hobgoblins
  3 jackals (D:1)
  4 quokkas
  3 ball pythons
  4 frilled lizards
  3 kobolds
  A quokka skeleton (D:4)
  7 rats
106 creatures vanquished.

Notes
Turn   | Place    | Note
-------+----------+-------------------------------------------
     0 | D:1      | iamoutofideas the Hill Orc Monk began the quest for the
                  | Orb.
     0 | D:1      | Reached XP level 1. HP: 19/19 MP: 1/1
   126 | D:1      | Reached XP level 2. HP: 22/27 MP: 2/2
   384 | D:1      | Reached skill level 5 in Axes
   384 | D:1      | Reached XP level 3. HP: 24/33 MP: 3/3
   598 | D:1      | Found a faded altar of an unknown god.
  1213 | D:2      | Noticed Natasha
  1223 | D:2      | Killed Natasha
  1224 | D:2      | Reached XP level 4. HP: 38/41 MP: 4/4
  1448 | D:2      | Found a bloodstained altar of Trog.
  1684 | D:2      | Noticed Terence
  1711 | D:2      | Killed Terence
  1712 | D:2      | Reached skill level 6 in Axes
  2434 | D:2      | Noticed Natasha
  2452 | D:2      | Killed Natasha
  2453 | D:2      | Reached XP level 5. HP: 30/47 MP: 5/5
  2633 | D:3      | Noticed Jessica
  2642 | D:3      | Killed Jessica
  2643 | D:3      | Reached skill level 5 in Fighting
  2771 | D:3      | Found a glowing silver altar of Zin.
  3081 | D:3      | Reached skill level 7 in Axes
  3381 | D:2      | Noticed Natasha
  3386 | D:2      | Killed Natasha
  3387 | D:2      | Reached XP level 6. HP: 52/56 MP: 6/6
  4161 | D:4      | You fall into a shaft and drop 1 floor!
  4161 | D:5      | Entered Level 5 of the Dungeon
  4187 | D:5      | Reached skill level 8 in Axes
  4187 | D:5      | Reached XP level 7. HP: 42/63 MP: 7/7
  4340 | D:5      | Reached skill level 9 in Axes
  4535 | D:4      | Found Immusep's Distillery.
  4548 | D:4      | Bought a potion of curing for 39 gold pieces
  4548 | D:4      | Bought a potion of resistance for 130 gold pieces
  4548 | D:4      | Bought a potion of curing for 39 gold pieces
  4581 | D:4      | Found a glowing golden altar of the Shining One.
  4632 | D:4      | Reached XP level 8. HP: 46/71 MP: 8/8
  5644 | D:5      | Reached skill level 10 in Axes
  7316 | D:6      | Noticed a green ugly thing
  7510 | D:6      | HP: 3/109 [gnoll sergeant (10)]
  7511 | D:6      | HP: 1/109 [poisoned by a gnoll sergeant]
  7512 | D:6      | Slain by a gnoll

Illustrated notes

Levels and vault maps discovered:
D:1:      eino_arrival_cavern_a, layout_basic, hellmonk_ecumenical_altar_zigzags
D:2:      minmay_evil_eye, layout_loops_corners, basic_altar, minivault_25,
          minmay_misc_feat_cross, uniq_terence, uniq_natasha
D:3:      layout_loops_cross, amcnicky_altar_gilded, minmay_cupped, uniq_jessica
D:4:      layout_basic, mainiacjoe_overflow_alcove_4, serial_shops,
          nicolae_shop_temple_entry_statues_fountains, lemuel_another_geyser
D:5:      cheibrodos_helix_gallery, layout_basic
D:6:      layout_gridville, chequers_decorated_corner, st_stairs_7,
          minmay_statues_item, minmay_manual_macuahuitl

Skill      XL: |  1  2  3  4  5  6  7  8 |
---------------+-------------------------+-----
Fighting       | 4 5 6 7 |  7.4
Axes           | 5 6 7 8 9 10 | 10.6
Armour         | 2 3 4 |  4.2
Dodging        | |  2.4
Stealth        | |  1.5

Action                   |  1- 3 |  4- 6 |  7- 9 || total
-------------------------+-------+-------+-------++-------
Melee: Hand axe          |    75 |   225 |   202 ||   502
  Use: Potion            |       |     1 |     9 ||    10
       Scroll            |       |       |     6 ||     6
 Stab: Sleeping          |     4 |     6 |       ||    10
Armor: Robe              |    16 |     7 |       ||    23
       Skin              |       |     8 |     4 ||    12
       Ring mail         |       |    87 |    49 ||   136
       Leather armour    |       |     6 |       ||     6
       Chain mail        |       |       |    39 ||    39
Dodge: Dodged            |    59 |   138 |   104 ||   301

Table legend: (Time is in decaauts)
 A = Elapsed time spent in this place.
 B = Non-inter-level travel time spent in this place.
 C = Inter-level travel time spent in this place.
 D = Time resting spent in this place.
 E = Time spent auto-exploring this place.
 F = Levels seen in this place.
 G = Mean time per level.
                   A        B        C        D        E       F      G
               +--------+--------+--------+--------+--------+-----+--------+
         Total |   7479 |   7172 |    307 |   2128 |   3987 |   6 | 1246.5 |
       Dungeon |   7479 |   7172 |    307 |   2128 |   3987 |   6 | 1246.5 |
               +--------+--------+--------+--------+--------+-----+--------+

Top non-repeatable levels by time:
     D:5: 2642 daAuts
     D:2: 1501 daAuts
     D:1: 1142 daAuts
     D:3: 1129 daAuts
     D:4: 941 daAuts
     D:6: 121 daAuts
